 Dungeon Crawl Stone Soup version 0.28-a0-512-g960c72b710 (webtiles) character file.

Game seed: 5541423529123007129

3095 Lekart the Vexing (level 9, 0/71 HPs)
             Began as a Purple Draconian Enchanter on Sept 22, 2021.
             Was an Elder of Sif Muna.
             Slain by a five-headed hydra (12 damage)
             ... on level 1 of the Lair of Beasts.
             The game lasted 00:26:20 (12193 turns).

Lekart the Vexing (Purple Draconian Enchanter)     Turns: 12193, Time: 00:26:21

Health: 0/71       AC: 12    Str: 10    XL:     9   Next: 59%
Magic:  17/17      EV: 14    Int: 15    God:    Sif Muna [****..]
Gold:   431        SH:  5    Dex: 16    Spells: 11/19 levels left

rFire   . . .      SeeInvis .   n - +3 dagger (flame)
rCold   . . .      Faith    .   m - +0 buckler
rNeg    . . .      Spirit   .   (armour unavailable)
rPois   .          Reflect  .   i - +2 hat
rElec   .          Harm     .   (no cloak)
rCorr   .          Rampage  .   c - +0 pair of gloves
Will    +....                   f - +1 pair of boots
Stlth   +++.......              (no amulet)
HPRegen 0.21/turn               (no ring)
MPRegen 0.15/turn               (no ring)

@: invisible
A: breathe power, AC +7, unfitting armour, cold-blooded
a: Breathe Dispelling Energy, Renounce Religion, Channel Magic, Forget Spell,
Divine Exegesis


You were on level 1 of the Lair of Beasts.
You worshipped Sif Muna.
Sif Muna was greatly pleased with you.
You visited 2 branches of the dungeon, and saw 9 of its levels.

You collected 431 gold pieces.

Inventory:

Hand Weapons
 n - a +3 dagger of flaming (weapon)
 s - a +4 dire flail of freezing
Missiles
 j - a throwing net
 k - 5 javelins (quivered)
 r - 15 atropa-tipped darts
Armour
 c - a +0 pair of gloves (worn)
 f - a +1 pair of boots (worn)
 i - a +2 hat (worn)
 m - a +0 buckler (worn)
Wands
 u - a wand of iceblast (5)
Scrolls
 d - a scroll of immolation
 g - 4 scrolls of teleportation
 l - a scroll of amnesia
 p - 2 scrolls of identify
 v - 2 scrolls of holy word
Potions
 e - a potion of heal wounds
 h - a potion of curing
 q - 2 potions of lignification
 t - a potion of brilliance


   Skills:
 + Level 3.8 Fighting
 + Level 5.6 Short Blades
 + Level 5.9 Dodging
 + Level 5.8 Stealth
 + Level 2.4 Shields
 + Level 5.6 Spellcasting
 + Level 5.9 Hexes
 + Level 2.5 Ice Magic
 + Level 3.3 Evocations


You had 11 spell levels left.
You knew the following spells:

 Your Spells              Type           Power      Damage    Failure   Level
a - Ensorcelled Hibernat  Hex/Ice        34%        N/A       4%          2
b - Tukima's Dance        Hex            22%        N/A       4%          3
c - Ozocubu's Armour      Ice            11%        N/A       21%         3

Your spell library contained the following spells:

 Spells                   Type           Power      Damage    Failure   Level
 Confusing Touch          Hex            22%        N/A       4%          3
 Dazzling Flash           Conj/Hex       26%        N/A       17%         3
 Pain                     Necr           16%        1d4       19%         1
 Corpse Rot               Necr/Air       N/A        N/A       28%         2
 Teleport Other           Tloc           4%         N/A       50%         3
 Vampiric Draining        Necr           2%         2d6       50%         3
 Agony                    Necr           4%         N/A       99%         5
 Excruciating Wounds      Necr           2%         N/A       99%         5
 Fireball                 Conj/Fire      2%         3d4       99%         5
 Manifold Assault         Tloc           4%         N/A       99%         5
 Starburst                Conj/Fire      2%         6d3       100%        6
 Malign Gateway           Summ/Tloc      2%         N/A       100%        7
 Ozocubu's Refrigeration  Ice            5%         4d6       100%        7
 Ignition                 Fire           2%         3d3       100%        8


Dungeon Overview and Level Annotations

Branches:
Dungeon (8/15)             Temple (0/1) D:6            Lair (1/6) D:8

Altars:
Nemelex Xobeh
Sif Muna

Shops:
D:2 [[*

Annotations:
D:6 3 runed translucent doors, exclusion: downstairs, TimeIsEndless's ghost, novice OgHu; Welzeim's ghost, novice MiFi; yegreS's ghost, amateur FoFi
D:7 Duvessa; Menkaure


Innate Abilities, Weirdness & Mutations

You can breathe bolts of dispelling energy.
Your rich purple scales are hard. (AC +7)
You cannot fit into any form of body armour.
You are cold-blooded and may be slowed by cold attacks.


Message History

* * * LOW HITPOINT WARNING * * *
The five-headed hydra bites you.
* * * LOW HITPOINT WARNING * * *
Okay, then.
The yak bellows!
You hear a bellow! x2
The five-headed hydra misses you. x2
The five-headed hydra barely misses you.
The five-headed hydra bites you!
* * * LOW HITPOINT WARNING * * *
The five-headed hydra bites you but does no damage.
Casting: Ensorcelled Hibernation (safe; 4% risk of failure)
Confirm with . or Enter, or press ? or * to list all spells.
You miscast Ozocubu's Armour.
You are very lightly contaminated with residual magic.
Nothing appears to happen.
The five-headed hydra closely misses you.
The five-headed hydra bites you!
* * * LOW HITPOINT WARNING * * *
You block the five-headed hydra's attack.
The five-headed hydra misses you. The five-headed hydra bites you!
* * * LOW HITPOINT WARNING * * *
Really read the scroll of immolation?
Okay, then.
Casting: Ozocubu's Armour (dangerous; 21% risk of failure)
Confirm with . or Enter, or press ? or * to list all spells.
You don't know that spell.
Okay, then.
Okay, then.
Your magical contamination has completely faded away.
You feel much better. The five-headed hydra bites you.
The five-headed hydra bites you but does no damage.
The five-headed hydra bites you!
* * * LOW HITPOINT WARNING * * *
The five-headed hydra bites you but does no damage.
You block the five-headed hydra's attack.
You fade into invisibility!
The five-headed hydra barely misses you.
The five-headed hydra misses you. The five-headed hydra bites you!
You die...

#..## #.######≈≈## #.Y# #...#
#### ###..# #...# ####
.##..########...# #..#
.......Y........# #..## ##
.......#.###....# #...# ####≈≈
.......### #....####..## #.≈≈≈≈
.......## ##....#.##..P#####.≈≈≈≈
........# #.....@D...Y.......≈≈≈≈
.......## ##.....Y....)#.##..≈≈≈≈
.......# #...........####..≈)≈≈
.......#####......÷.....# #..≈≈≈≈
.......##.##...........####.###≈≈
............................# #≈
......................####..# ###
######..######.P......# #P..# #..
##..# ###...)..####..# ##.


You could see a five-headed hydra and 2 yaks.

Vanquished Creatures
  2 centaur zombies
  A rime drake (Lair:1)
  A wraith (D:5)
  A wyvern (Lair:1)
  A yak (Lair:1)
  A water moccasin (D:6)
  2 ogres
  4 centaurs (Lair:1)
  2 scorpions
  2 water moccasin zombies
  Dowan (D:7)
  4 wights
  A bullfrog zombie (D:6)
  2 hounds
  A gnoll shaman (D:6)
  3 orc priests
  Natasha (twice) (D:3)
  Terence (D:2)
  9 orc wizards
  5 gnolls (D:6)
  7 adders
  An ufetubus (D:5)
  An adder skeleton (D:3)
  2 worms
  2 dart slugs
  32 orcs
  9 ball pythons
  7 bats
  8 endoplasms
  5 giant cockroaches
  3 goblins
  12 hobgoblins
  4 frilled lizards
  10 kobolds
  6 rats
  A butterfly (D:6)
156 creatures vanquished.

Vanquished Creatures (collateral kills)
  Edmund (D:5)
  An ogre (D:4)
  2 orcs
  A goblin (D:3)
5 creatures vanquished.

Vanquished Creatures (others)
  A dancing weapon (D:4)
  8 fungi (Lair:1)
  6 plants (Lair:1)
  10 withered plants
25 creatures vanquished.

Grand Total: 186 creatures vanquished

Notes
Turn   | Place    | Note
-------+----------+-------------------------------------------
     0 | D:1      | Lekart the Draconian Enchanter began the quest for the Orb.
     0 | D:1      | Reached XP level 1. HP: 14/14 MP: 3/3
   349 | D:1      | Found a faded altar of an unknown god.
   359 | D:1      | Became a worshipper of Sif Muna the Loreminder
   359 | D:1      | Reached * piety under Sif Muna
   460 | D:1      | Reached XP level 2. HP: 20/20 MP: 5/5
  1280 | D:1      | Reached XP level 3. HP: 27/27 MP: 6/6
  1356 | D:1      | Reached ** piety under Sif Muna
  1720 | D:1      | Learned a level 2 spell: Ensorcelled Hibernation
  2541 | D:2      | Noticed Terence
  2547 | D:2      | Found Sorgh's General Store.
  3102 | D:2      | Found Huunecom's Armour Shop.
  3168 | D:2      | Found Weilifiz's Armour Boutique.
  3190 | D:2      | Reached XP level 4. HP: 14/34 MP: 7/7
  3551 | D:2      | Killed Terence
  3552 | D:2      | Reached skill level 1 in Fighting
  4091 | D:3      | Reached XP level 5. HP: 25/40 MP: 8/8
  4387 | D:3      | Noticed Natasha
  4579 | D:3      | Identified a scroll of acquirement
  4579 | D:3      | Acquired the Catalogue of Darkness and the Voyage
  4587 | D:3      | Learned a level 3 spell: Tukima's Dance
  4777 | D:3      | Reached *** piety under Sif Muna
  4934 | D:3      | Killed Natasha
  5010 | D:3      | Noticed Natasha
  5023 | D:3      | Killed Natasha
  5338 | D:4      | Reached XP level 6. HP: 18/47 MP: 4/9
  6439 | D:5      | Entered Level 5 of the Dungeon
  6714 | D:5      | Reached skill level 1 in Ice Magic
  7098 | D:5      | Noticed a wraith
  7305 | D:5      | Noticed Edmund
  7323 | D:5      | Killed Edmund
  7324 | D:5      | Your scales start taking on a rich purple colour.
  7324 | D:5      | Reached XP level 7. HP: 49/55 MP: 10/12
  7503 | D:5      | Killed a wraith
  7814 | D:6      | Reached skill level 5 in Hexes
  7814 | D:6      | Reached skill level 1 in Evocations
  7843 | D:6      | Reached skill level 1 in Shields
  7882 | D:6      | Reached XP level 8. HP: 62/62 MP: 14/14
  7978 | D:6      | Found a staircase to the Ecumenical Temple.
  8450 | D:6      | Reached skill level 5 in Dodging
  8577 | D:6      | Found a runed translucent gate.
  8577 | D:6      | Found a runed translucent gate.
  8577 | D:6      | Found a runed translucent gate.
  8581 | D:6      | Noticed yegreS's ghost (amateur FoFi)
  8581 | D:6      | Noticed TimeIsEndless's ghost (novice OgHu)
  8582 | D:6      | Noticed Welzeim's ghost (novice MiFi)
  8658 | D:6      | Reached skill level 5 in Short Blades
  8809 | D:6      | Reached **** piety under Sif Muna
  8810 | D:6      | Reached skill level 5 in Stealth
  9441 | D:7      | Reached XP level 9. HP: 57/71 MP: 4/15
  9701 | D:7      | Noticed Dowan
  9701 | D:7      | Noticed Duvessa
  9715 | D:7      | Killed Dowan
  9820 | D:7      | Noticed a troll
 10183 | D:7      | Noticed Menkaure
 10189 | D:8      | Found a staircase to the Lair.
 10198 | Lair:1   | Entered Level 1 of the Lair of Beasts
 10616 | Lair:1   | Noticed a rime drake
 11177 | Lair:1   | Learned a level 3 spell: Ozocubu's Armour
 11323 | Lair:1   | Found a sparkling altar of Nemelex Xobeh.
 11560 | Lair:1   | Reached skill level 5 in Spellcasting
 11842 | Lair:1   | Killed a rime drake
 12045 | Lair:1   | Noticed a five-headed hydra
 12160 | Lair:1   | HP: 3/71 [five-headed hydra (12)]
 12193 | Lair:1   | Slain by a five-headed hydra

Illustrated notes

Levels and vault maps discovered:
D:1:      psy_arrival_conway, layout_loops_corners,
          ebering_ecumenical_altar_petrified
D:2:      layout_basic, serial_shops, shop, shop, nicolae_lakefront_shop,
          uniq_terence
D:3:      layout_loops_corners, minivault_25, grunt_ministairs_12,
          minmay_misc_feat_roman, serial_park_tiny_pond, minmay_quadrilaterals,
          uniq_natasha
D:4:      layout_basic
D:5:      layout_basic, uniq_edmund
D:6:      layout_basic, minmay_temple_entry_butterflies,
          gammafunk_ghost_cemetery, minmay_misc_feat_hallway,
          nrook_loot_triangle, st_stairs_11, kennysheep_another_room,
          minmay_misc_feat_more_columns
D:7:      minmay_the_grid_octo_2x2 [minmay_the_grid_octo_fat_diamond,
          minmay_the_grid_octo_chip, minmay_the_grid_octo_clover,
          minmay_the_grid_octo_prize_star], layout_basic,
          hellmonk_guarded_unrand_lears, uniq_duvessa, uniq_menkaure
D:8:      layout_gridville, mainiacjoe_overflow_catwalk,
          mainiacjoe_overflow_24_doors, mainiacjoe_overflow_small_starburst,
          lair_entry_dummy, enter_bailey_2
Lair:1:   layout_small_grid, cheibrodos_lair_caveside_slide,
          lemuel_centaur_altar

Skill      XL: |  1  2  3  4  5  6  7  8  9 |
---------------+----------------------------+-----
Stealth        | 3 4 5 |  5.8
Dodging        | 2 3 4 5 |  5.9
Hexes          | 3 4 5 |  5.9
Fighting       | 1 2 3 |  3.8
Short Blades   | 2 3 5 |  5.6
Ice Magic      | 1 2 |  2.5
Spellcasting   | 3 4 5 |  5.6
Evocations     | 1 3 |  3.3
Shields        | 1 2 |  2.4

Action                   |  1- 3 |  4- 6 |  7- 9 || total
-------------------------+-------+-------+-------++-------
Melee: Dagger            |   192 |   262 |   205 ||   659
       Tailslap          |    18 |    35 |    29 ||    82
 Cast: Ensorcelled Hiber |    11 |     1 |    51 ||    63
       Tukima's Dance    |       |    11 |       ||    11
       Ozocubu's Armour  |       |       |     1 ||     1
 Abil: Breathe Dispellin |       |       |     2 ||     2
Evoke: Wand              |       |       |    49 ||    49
  Use: Potion            |     2 |     1 |     3 ||     6
       Scroll            |     1 |    12 |     5 ||    18
 Stab: Sleeping          |    17 |     7 |    18 ||    42
       Distracted        |       |       |     1 ||     1
Armor: Skin              |    72 |   115 |   114 ||   301
Dodge: Dodged            |   122 |   132 |   137 ||   391
Block: Buckler           |       |    25 |    50 ||    75

Table legend: (Time is in decaauts)
 A = Elapsed time spent in this place.
 B = Non-inter-level travel time spent in this place.
 C = Inter-level travel time spent in this place.
 D = Time resting spent in this place.
 E = Time spent auto-exploring this place.
 F = Levels seen in this place.
 G = Mean time per level.
                   A        B        C        D        E       F      G
               +--------+--------+--------+--------+--------+-----+--------+
         Total |  12156 |  11794 |    362 |   3912 |   5555 |   9 | 1350.7 |
       Dungeon |  10180 |   9818 |    362 |   2538 |   5420 |   8 | 1272.5 |
          Lair |   1975 |   1975 |      0 |   1374 |    135 |   1 | 1975.0 |
               +--------+--------+--------+--------+--------+-----+--------+

Top non-repeatable levels by time:
     D:1: 2210 daAuts
  Lair:1: 1975 daAuts
     D:2: 1727 daAuts
     D:6: 1571 daAuts
     D:3: 1298 daAuts
     D:4: 1272 daAuts
     D:5: 1183 daAuts
     D:7: 874 daAuts
     D:8: 42 daAuts
